 Dungeon Crawl Stone Soup version 0.28-a0-691-gad6df49e81 (webtiles) character file.

Game seed: 3182861303991301007

31624 ytrimaz the Warrior (level 13, -15/189 HPs)
             Began as a Minotaur Berserker on Oct 20, 2021.
             Was a High Priest of Trog.
             Demolished by an orc knight (33 damage)
             ... on level 1 of the Orcish Mines.
             The game lasted 00:24:13 (19955 turns).

ytrimaz the Warrior (Minotaur Berserker)           Turns: 19955, Time: 00:24:14

Health: -15/189    AC: 16    Str: 26    XL:     13   Next: 27%
Magic:  12/12      EV:  9    Int:  4    God:    Trog [*****.]
Gold:   555        SH:  6    Dex: 11    Spells: 12/12 levels left

rFire   + . .      SeeInvis +   O - +6 war axe
rCold   . . .      Faith    +   k - +0 buckler
rNeg    . . .      Spirit   .   m - +0 chain mail
rPois   .          Reflect  .   (helmet restricted)
rElec   .          Harm     .   y - +0 cloak
rCorr   .          Rampage  .   (no gloves)
Will    .....                   h - +2 pair of boots
Stlth   ..........              w - amulet of faith
HPRegen 0.41/turn               c - ring of protection from fire
MPRegen 0.13/turn               a - ring of see invisible

@: berserking (expiring), very quick
A: horns 2, retaliatory headbutt
a: Renounce Religion, Berserk, Trog's Hand, Brothers in Arms


You were on level 1 of the Orcish Mines.
You worshipped Trog.
Trog was extremely pleased with you.
You visited 2 branches of the dungeon, and saw 14 of its levels.

You collected 1004 gold pieces.
You spent 449 gold pieces at shops.

Inventory:

Hand Weapons
 t - a +2 hand axe of draining
 G - a +2 battleaxe of freezing
 K - the +8 flail of Wyrd {vorpal, Int+2}
   (You found it on level 9 of the Dungeon)

   It inflicts extra damage upon your enemies.
   Int:       It affects your intelligence (+2).
 O - a +6 war axe (weapon)
 R - a +1 antimagic executioner's axe
 T - the +6 long sword "Kedd" {drain, rF+ Int+2 Stlth+}
   (You bought it in a shop on level 13 of the Dungeon)

   A truly terrible weapon, it drains the life of any living foe it strikes.
   Int:       It affects your intelligence (+2).
   rF:        It protects you from fire.
   Stlth:     It makes you more stealthy.
Missiles
 C - 2 throwing nets (quivered)
Armour
 f - a +0 kite shield
 h - a +2 pair of boots (worn)
 k - a +0 buckler (worn)
 m - a +0 chain mail (worn)
 y - a +0 cloak (worn)
 P - a +0 plate armour
Jewellery
 a - a ring of see invisible (right hand)
 c - a ring of protection from fire (left hand)
 s - a ring of willpower
 v - a ring of willpower
 w - an amulet of faith (around neck)
 D - a ring of protection from cold
 H - a ring of magical power
 M - the ring of Bomenith {Fire MP+9 Int+4 Dex+2}
   (You bought it in a shop on level 11 of the Dungeon)

   [ring of fire]

   It enhances your fire magic.
   Int:       It affects your intelligence (+4).
   Dex:       It affects your dexterity (+2).
   rF:        It protects you from fire.
   rC:        It makes you vulnerable to cold.
   MP:        It affects your magic capacity (+9).
Wands
 b - a wand of paralysis (10)
 n - a wand of flame (68)
 u - a wand of iceblast (31)
 z - a wand of polymorph (6)
 E - a wand of acid (14)
 F - a wand of charming (11)
Scrolls
 o - a scroll of fear
 N - a scroll of enchant armour
Potions
 d - 2 potions of berserk rage
 e - 2 potions of haste
 g - 3 potions of lignification
 i - 2 potions of ambrosia
 j - 2 potions of invisibility
 l - 2 potions of mutation
 p - 2 potions of curing
 r - a potion of magic
 x - 2 potions of attraction
 I - a potion of resistance
 J - a potion of heal wounds {unknown}


   Skills:
 + Level 15.1 Fighting
 * Level 5.0 Long Blades
 - Level 14.0(15.4) Axes
 - Level 11.0(14.0) Maces & Flails
 - Level 9.5 Armour
 - Level 2.1 Dodging
 + Level 10.9 Shields


You had 12 spell levels left.
You didn't know any spells.
Your spell library was empty.

Dungeon Overview and Level Annotations

Branches:
Dungeon (13/15)            Temple (0/1) D:4            Lair (0/6) D:10
    Orc (1/2) D:10         Vaults (0/5) D:13

Altars:
Dithmenos
Hepliaklqana
Nemelex Xobeh
Okawaru
Qazlal
Trog

Shops:
D:3 [   D:11 [*   D:13 (

Portals:
Trove: D:12 (give 4 scrolls of fog)


Innate Abilities, Weirdness & Mutations

You have a pair of horns on your head.
You reflexively headbutt those who attack you in melee.


Message History

The orc warrior hits your ogre with a +0 war axe.
The orc warrior hits you with a +0 battleaxe!
* * * LOW HITPOINT WARNING * * *
The orc warrior hits your ogre with a +0 battleaxe.
You block the orc's attack.
Your ogre barely misses the orc warrior.
You slash the orc knight!
You headbutt the orc knight, but do no damage.
The orc knight is lightly wounded.
You slice the orc!!
You kill the orc!
Trog accepts your kill.
You closely miss the orc knight. You hit the orc warrior.
The orc no longer looks unusually strong.
The orc knight hits you but does no damage.
The orc knight hits your ogre with a +3 war axe!!
Your ogre dies!
Your ogre's corpse disappears in a puff of smoke!
The orc knight roars a battlecry!
The orcs go into a battle-frenzy!
You slice the orc knight!! Your headbutt misses the orc knight.
The orc knight is almost dead.
You slash the orc warrior!
You kill the orc warrior!
Trog accepts your kill.
You hit the orc wizard. You closely miss the orc knight.
You slash the orc warrior!
You kill the orc warrior!
Trog accepts your kill.
Your Long Blades skill increases to level 5!
You completely miss the orc knight. Your headbutt misses the orc knight.
The orc knight is almost dead.
You closely miss the orc wizard. You slice the orc knight!!
The orc wizard barely misses you. You furiously retaliate!
You headbutt the orc wizard!!
You kill the orc wizard!
Trog accepts your kill.
Trog appreciates your killing of a magic user.
The orc knight hits you with a +3 war axe!!
You die...

.# ....# #.........##......≈ #
....#####.........##......
########''###.###.....#..###...##
.).........#..........#...##...#
#)#.#.#....#......#....#.# ##.##
.................####..#.##
....)........o..o..##.....#
.............o.§)o.......##
............oo.o@.......##
...........).o.))##...###
.......(...).....#...#.##
...........))....)......##
.................).......#
.................)......##
....................#...#
.....................#.##
#....................###


You could see 2 orc knights, 3 orc warriors and 3 orcs.

Vanquished Creatures
  An orc warlord (Orc:1)
  Azrael (D:11)
  Josephine (D:11)
  A hydra (D:13)
  2 boulder beetles
  3 two-headed ogres
  A centaur warrior (D:13)
  2 tengu warriors (D:13)
  A deep elf pyromancer (D:12)
  A necromancer (D:13)
  4 cyclopes
  A harpy (D:13)
  3 ugly things
  3 manticores
  A gargoyle (D:12)
  2 unseen horrors
  2 komodo dragons
  3 meliai (D:13)
  A wind drake (shapeshifter) (D:13)
  A polar bear (shapeshifter) (D:13)
  9 trolls
  Grinder (D:5)
  4 slime creatures (D:12)
  A vampire (D:13)
  3 shadows
  3 fire elementals (D:11)
  Eustachio (D:6)
  6 yaks
  2 wyverns
  7 wraiths
  Grum (D:8)
  A steam dragon (D:7)
  8 vampire mosquitoes
  4 wargs (Orc:1)
  2 hell hounds (D:11)
  An acid dragon (D:9)
  2 water moccasins
  A hornet zombie (D:8)
  An ice beast (D:8)
  18 orc warriors
  3 ogres
  9 centaurs
  5 wolves
  2 phantoms (D:10)
  A kobold brigand (D:10)
  A bullfrog (D:7)
  4 gnoll sergeants
  4 scorpions
  A wyvern zombie (D:7)
  3 troll zombies (D:10)
  A water moccasin skeleton (D:5)
  2 killer bees (D:9)
  5 wights (D:8)
  5 electric eels
  6 howler monkeys
  A bullfrog zombie (D:5)
  4 centaur zombies
  A centaur skeleton (D:3)
  9 hounds
  3 jellies
  8 orc priests
  A bullfrog skeleton (D:6)
  4 iguanas
  16 orc wizards
  A killer bee zombie (D:7)
  5 ogre zombies (D:10)
  A hound skeleton (D:4)
  Robin (D:4)
  9 adders
  26 gnolls
  A howler monkey skeleton (D:6)
  An ufetubus (D:4)
  2 worms
  A dart slug (D:1)
  53 orcs
  7 endoplasms
  5 giant cockroaches
  11 goblins
  9 hobgoblins
  4 jackals (D:4)
  9 kobolds
  4 quokkas
  8 ball pythons
  3 bats
  4 frilled lizards
  2 goblin skeletons (D:10)
  4 goblin zombies (D:10)
  2 hobgoblin skeletons (D:10)
  2 hobgoblin zombies (D:10)
  4 orc skeletons (D:10)
  11 orc zombies (D:10)
  7 rats
  A spectral hobgoblin (D:6)
408 creatures vanquished.

Vanquished Creatures (collateral kills)
  2 slime creatures (D:13)
  A dream sheep (shapeshifter) (D:13)
  A shadow (D:13)
  An orc wizard (Orc:1)
5 creatures vanquished.

Vanquished Creatures (others)
  9 plants (D:13)
9 creatures vanquished.

Grand Total: 422 creatures vanquished

Notes
Turn   | Place    | Note
-------+----------+-------------------------------------------
     0 | D:1      | ytrimaz the Minotaur Berserker began the quest for the Orb.
     0 | D:1      | Reached XP level 1. HP: 19/19 MP: 0/0
   484 | D:1      | Reached XP level 2. HP: 20/27 MP: 1/1
   669 | D:1      | Reached skill level 4 in Fighting
  1289 | D:2      | Reached XP level 3. HP: 33/33 MP: 2/2
  1294 | D:2      | Reached skill level 5 in Axes
  1470 | D:2      | Reached XP level 4. HP: 40/41 MP: 3/3
  1675 | D:2      | Found a faded altar of an unknown god.
  1827 | D:2      | Reached ** piety under Trog
  2398 | D:3      | Found Soted's Armour Emporium.
  2647 | D:3      | Reached XP level 5. HP: 38/47 MP: 4/4
  2970 | D:3      | Reached skill level 5 in Fighting
  3227 | D:4      | Reached skill level 1 in Shields
  3386 | D:4      | Reached XP level 6. HP: 47/56 MP: 5/5
  3793 | D:4      | Noticed Robin
  3803 | D:4      | Killed Robin
  3804 | D:4      | Reached *** piety under Trog
  4077 | D:4      | Found a staircase to the Ecumenical Temple.
  4436 | D:4      | Noticed a water moccasin
  4442 | D:4      | Killed a water moccasin
  4443 | D:4      | Reached XP level 7. HP: 62/62 MP: 6/6
  4537 | D:5      | Entered Level 5 of the Dungeon
  4614 | D:5      | Noticed Grinder
  4618 | D:5      | Killed Grinder
  4619 | D:5      | Reached skill level 6 in Fighting
  4698 | D:5      | Reached skill level 10 in Axes
  4698 | D:5      | Reached XP level 8. HP: 52/70 MP: 7/7
  4919 | D:5      | Noticed a komodo dragon
  4926 | D:5      | Killed a komodo dragon
  5879 | D:6      | Noticed Eustachio
  5893 | D:6      | Killed Eustachio
  6324 | D:6      | Reached XP level 9. HP: 78/78 MP: 8/8
  6403 | D:6      | Reached **** piety under Trog
  6408 | D:6      | Found a hazy altar of Hepliaklqana.
  6614 | D:7      | Reached skill level 7 in Fighting
  7723 | D:7      | Found a bloodstained altar of Trog.
  7723 | D:7      | Found a sparkling altar of Nemelex Xobeh.
  7761 | D:7      | Found a stormy altar of Qazlal.
  7985 | D:7      | Reached skill level 5 in Shields
  8608 | D:8      | Noticed Grum
  8621 | D:8      | Killed Grum
  8624 | D:8      | Reached skill level 8 in Fighting
  9408 | D:8      | Reached XP level 10. HP: 83/90 MP: 9/9
  9977 | D:9      | Noticed a two-headed ogre
  9987 | D:9      | Killed a two-headed ogre
  9988 | D:9      | Reached skill level 9 in Fighting
  9988 | D:9      | Reached skill level 5 in Armour
 10283 | D:9      | Identified the +8 flail of Wyrd {vorpal, Int+2}
 10483 | D:9      | Reached skill level 10 in Fighting
 10483 | D:9      | Reached skill level 1 in Maces & Flails
 11131 | D:10     | Entered Level 10 of the Dungeon
 11158 | D:10     | Found a staircase to the Orcish Mines.
 11181 | D:10     | Reached ***** piety under Trog
 11563 | D:10     | Found a shadowy altar of Dithmenos.
 11918 | D:10     | Reached skill level 5 in Maces & Flails
 12134 | D:10     | Found a staircase to the Lair.
 12338 | D:10     | Found an iron altar of Okawaru.
 12475 | D:10     | Reached XP level 11. HP: 98/101 MP: 10/10
 12485 | D:11     | Found Ykulos's Assorted Antiques.
 12515 | D:11     | Bought a warped jade ring for 135 gold pieces
 12515 | D:11     | Identified the ring of Bomenith {Fire MP+9 Int+4 Dex+2}
                  | (You bought it in a shop on level 11 of the Dungeon)
 12653 | D:11     | Found Geemec's Armour Shoppe.
 13195 | D:11     | Received a gift from Trog
 13459 | D:12     | Noticed Josephine
 13459 | D:12     | Noticed Azrael
 13473 | D:11     | Killed Azrael
 13476 | D:11     | Reached skill level 11 in Fighting
 13799 | D:12     | Noticed a deep elf pyromancer
 13964 | D:12     | Noticed a boulder beetle
 14282 | D:11     | Killed a boulder beetle
 14283 | D:11     | Reached skill level 10 in Maces & Flails
 14538 | D:11     | Killed Josephine
 14748 | D:12     | Killed a deep elf pyromancer
 15010 | D:12     | Noticed a red ugly thing
 15019 | D:12     | Killed a red ugly thing
 15106 | D:12     | Reached skill level 12 in Fighting
 15200 | D:12     | Found a portal to a secret trove of treasure.
 15259 | D:12     | Reached XP level 12. HP: 85/112 MP: 11/11
 16332 | D:13     | Found Hoyj's Antique Weapon Boutique.
 16354 | D:13     | Reached skill level 13 in Fighting
 16369 | D:13     | Noticed a tengu warrior
 16376 | D:13     | Killed a tengu warrior
 16830 | D:13     | Noticed a boulder beetle
 16857 | D:13     | Killed a boulder beetle
 17226 | D:13     | Noticed a tengu warrior
 17243 | D:13     | Killed a tengu warrior
 17377 | D:13     | Received a gift from Trog
 17481 | D:13     | Noticed a centaur warrior
 17498 | D:13     | Killed a centaur warrior
 17521 | D:13     | Bought an ancient long sword for 314 gold pieces
 17521 | D:13     | Identified the +6 long sword "Kedd" {drain, rF+ Int+2
                  | Stlth+} (You bought it in a shop on level 13 of the
                  | Dungeon)
 17758 | D:13     | Reached skill level 14 in Fighting
 17758 | D:13     | Reached skill level 1 in Long Blades
 17990 | D:13     | Noticed a two-headed ogre
 17993 | D:13     | Noticed a four-headed hydra
 18001 | D:13     | Killed a two-headed ogre
 18002 | D:13     | Reached skill level 10 in Shields
 18006 | D:13     | Killed a four-headed hydra
 18403 | D:13     | Noticed a two-headed ogre
 18410 | D:13     | Killed a two-headed ogre
 18413 | D:13     | Reached XP level 13. HP: 44/125 MP: 12/12
 18898 | D:13     | Found a gate to the Vaults.
 19143 | Orc:1    | Entered Level 1 of the Orcish Mines
 19878 | Orc:1    | Noticed an orc warlord
 19902 | Orc:1    | Killed an orc warlord
 19903 | Orc:1    | Reached skill level 15 in Fighting
 19955 | Orc:1    | Reached skill level 5 in Long Blades
 19955 | Orc:1    | Demolished by an orc knight

Illustrated notes

Levels and vault maps discovered:
D:1:      onia_arrival_handbag, layout_basic
D:2:      layout_basic, basic_ecumenical_altar, kennysheep_another_room
D:3:      layout_basic, serial_shops, nicolae_square_shop
D:4:      layout_cave_pods, minmay_temple_entry_junction_2, uniq_robin
D:5:      layout_basic, minmay_misc_feat_enclosed, uniq_grinder
D:6:      layout_basic, nicolae_hepliaklqana_monster_ancestors, uniq_eustachio
D:7:      minmay_klotski, layout_loops_ring, nicolae_overflow_hidden_temple,
          grunt_qazlal_sundering, lightli_minifort, uniq_menkaure
D:8:      layout_basic, uniq_grum
D:9:      layout_basic, minmay_chambers_of_fives
D:10:     layout_loops_corners, mainiacjoe_overflow_brackets,
          mainiacjoe_overflow_boulevard, erik_lair_island, zombieorc2_lemuel
D:11:     layout_loops_ring, serial_shops, nicolae_shop_trees, shop_fountains
D:12:     layout_rooms, enter_trove_1, uniq_josephine, uniq_azrael
D:13:     layout_cross, david_vaults_1, serial_shops, shop,
          minmay_shattered_shrine
Orc:1:    layout_caves, nicolae_orc_flooded_monolith, minmay_orc_treasury

Skill      XL: |  1  2  3  4  5  6  7  8  9 10 11 12 13 |
---------------+----------------------------------------+-----
Axes           | 4 5 6 7 8 10 12 14 | 14.0
Fighting       | 4 5 6 8 10 12 14 15 | 15.1
Shields        | 1 2 3 4 6 7 8 10 | 10.9
Armour         | 3 6 9 |  9.5
Maces & Flails | 6 11 | 11.0
Long Blades    | 3 5 |  5.0
Dodging        | |  2.1

Action                   |  1- 3 |  4- 6 |  7- 9 | 10-12 | 13-15 || total
-------------------------+-------+-------+-------+-------+-------++-------
Melee: Hand axe          |    46 |   128 |   226 |   123 |       ||   523
       Headbutt          |     9 |    16 |    57 |   122 |    14 ||   218
       Flail             |       |       |       |   338 |    12 ||   350
       War axe           |       |       |       |    61 |    89 ||   150
Invok: Berserk           |     2 |    10 |    10 |    11 |     3 ||    36
       Trog's Hand       |       |     1 |       |       |     2 ||     3
       Brothers in Arms  |       |       |       |     1 |     2 ||     3
  Use: Scroll            |       |     9 |     8 |     7 |     2 ||    26
       Potion            |       |       |       |       |     1 ||     1
 Stab: Sleeping          |     1 |       |       |       |       ||     1
Armor: Animal skin       |     5 |    45 |       |       |       ||    50
       Chain mail        |       |    11 |    86 |   307 |    32 ||   436
Dodge: Dodged            |    36 |    94 |    82 |   232 |    42 ||   486
Block: Buckler           |       |       |    36 |   146 |    40 ||   222

Table legend: (Time is in decaauts)
 A = Elapsed time spent in this place.
 B = Non-inter-level travel time spent in this place.
 C = Inter-level travel time spent in this place.
 D = Time resting spent in this place.
 E = Time spent auto-exploring this place.
 F = Levels seen in this place.
 G = Mean time per level.
                   A        B        C        D        E       F      G
               +--------+--------+--------+--------+--------+-----+--------+
         Total |  20082 |  19492 |    590 |   4914 |  11698 |  14 | 1434.4 |
       Dungeon |  19284 |  18694 |    590 |   4559 |  11427 |  13 | 1483.4 |
  Orcish Mines |    798 |    798 |      0 |    355 |    271 |   1 |  798.0 |
               +--------+--------+--------+--------+--------+-----+--------+

Top non-repeatable levels by time:
    D:13: 3061 daAuts
    D:11: 2314 daAuts
     D:7: 1756 daAuts
     D:9: 1405 daAuts
     D:8: 1396 daAuts
     D:4: 1394 daAuts
     D:2: 1363 daAuts
    D:10: 1361 daAuts
    D:12: 1293 daAuts
     D:5: 1227 daAuts
     D:1: 1013 daAuts
     D:3: 878 daAuts
     D:6: 816 daAuts
   Orc:1: 798 daAuts
